 Dungeon Crawl Stone Soup version 0.17.1-2-g5865329 (webtiles) character file.

73 ololoev the Chopper (level 4, 33/54 HPs)
             Began as a Demonspawn Berserker on Jan 20, 2016.
             Was a Believer of Trog.
             Quit the game on level 3 of the Dungeon.
             The game lasted 00:04:00 (437 turns).

ololoev the Chopper (Demonspawn Berserker)           Turns: 437, Time: 00:04:00

Health: 33/54      AC:  7    Str: 23    XL:     4   Next: 8%
Magic:  4/4        EV: 11    Int:  9    God:    Trog [**....]
Gold:   27         SH:  0    Dex: 12    Spells: 0 memorised, 3 levels left

rFire  . . .     SeeInvis .     a - +0 hand axe
rCold  + . .     Clarity  .     e - +0 ring mail
rNeg   . . .     SustAt   .     (no shield)
rPois  .         Gourm    .     (no helmet)
rElec  .         Spirit   .     (no cloak)
rCorr  .         Warding  .     g - +0 pair of gloves
rMut   .         Stasis   .     (no boots)
MR     .....                    (no amulet)
Stlth  ..........               (no ring)
                                (no ring)

@: berserking, very quick, not resistant to hostile enchantments, extremely
unstealthy
A: rugged brown scales 1, cold resistance 1, demonic guardian 1
a: Berserk, Trog's Hand, Burn Spellbooks, Renounce Religion


Innate Abilities, Weirdness & Mutations

You are partially covered in rugged brown scales (AC +1, +3% HP).
Your flesh is cold resistant.
A weak demonic guardian rushes to your aid.

Inventory:

Hand Weapons
 a - a +0 hand axe (weapon)
Armour
 e - a +0 ring mail (worn)
 g - a +0 pair of gloves (worn)
Potions
 d - a potion of resistance {unknown}
Comestibles
 b - 2 chunks of flesh
 c - 3 bread rations
 f - a meat ration


   Skills:
 - Level 3.0 Fighting
 * Level 4.1 Axes
 + Level 2.4 Armour
 - Level 1.7 Dodging


You had 3 spell levels left.
You didn't know any spells.


You were on level 3 of the Dungeon.
You worshipped Trog.
Trog was pleased with you.
You were not hungry.

You visited 1 branch of the dungeon, and saw 3 of its levels.

You collected 27 gold pieces.

####..... .....r. ......
..... #### #...# ...#
#>..#####.. ##)##
#.#)......< #...## #.)@#
..(..#### ####)######.
........#####........g..
.................#######
........##########
.....#### #...## #####

Notes
Turn   | Place    | Note
--------------------------------------------------------------
     0 | D:1      | ololoev the Demonspawn Berserker began the quest for the Orb.
     0 | D:1      | Reached XP level 1. HP: 18/18 MP: 1/1
   167 | D:2      | Gained mutation: You are partially covered in rugged brown scales (AC +1, +3% HP). [demonic ancestry]
   167 | D:2      | Reached XP level 2. HP: 23/24 MP: 2/2
   284 | D:2      | Gained mutation: A weak demonic guardian rushes to your aid. [demonic ancestry]
   284 | D:2      | Reached XP level 3. HP: 12/29 MP: 3/3
   310 | D:2      | Found a shattered altar of Ashenzari.
   348 | D:3      | Reached skill level 4 in Axes
   434 | D:3      | Reached ** piety under Trog
   436 | D:3      | Gained mutation: Your flesh is cold resistant. [demonic ancestry]
   436 | D:3      | Reached XP level 4. HP: 33/36 MP: 4/4
   437 | D:3      | Quit the game

Dungeon Overview and Level Annotations

Branches:
Dungeon (3/15)

Altars:
Ashenzari


Message History

A goblin comes into view. It is wielding a dagger.
The goblin moves out of view.
A hobgoblin comes into view. It is wielding a club.
Found an escape hatch in the floor.
A goblin comes into view. It is wielding a club.
The goblin shouts!
A giant gecko and an adder come into view.
The goblin barely misses you.
Found a stone staircase leading up.
You closely miss the goblin. The goblin hits you but does no damage.
Use which ability? (? or * to list)
A red film seems to cover your vision as you go berserk!
You feel yourself moving faster!
You feel mighty!
You feel somewhat more hungry.
You closely miss the adder. You closely miss the goblin.
You slash the giant gecko!
You kill the giant gecko!
Trog accepts your kill.
You can now call upon Trog for regeneration and protection from hostile enchantments.
The adder bites you. The goblin hits you but does no damage.
You slash the adder!
The adder is severely wounded.
You closely miss the goblin. You slash the goblin!
You kill the goblin!
Trog accepts your kill. The adder barely misses you.
A rat comes into view.
You slash the adder!
You kill the adder!
Trog accepts your kill.
You have reached level 4!
You feel clever.
Your demonic ancestry asserts itself...
You feel resistant to cold.
You slash the hobgoblin!
You kill the hobgoblin!
Trog accepts your kill.
You slash the goblin!
You kill the goblin!
Trog accepts your kill.
Are you sure you want to abandon this character and quit the game? (Confirm with "yes".)

You could see a rat.

Vanquished Creatures
  A worker ant (D:3)
  2 adders
  2 giant geckos
  2 bats
  2 giant cockroaches
  3 goblins
  5 hobgoblins
  8 jackals
  2 giant newts
27 creatures vanquished.

Action                   |  1- 3 |  4- 6 || total
-------------------------+-------+-------++-------
Melee: Hand axe          |    64 |       ||    64
Invok: Berserk           |     6 |       ||     6
  Eat: Chunk             |     4 |       ||     4

Vault maps used:
D:1:      roderic_crossed_star, minmay_crystal_room
D:2:      evilmike_ruin_ashenzari, nicolae_ru_path_of_blood, fedhas_altar_1,
          ecumenical_altar_2, first_bread, serial_park_tiny_2
D:3:      lemuel_old_faithful
